 Dungeon Crawl Stone Soup version 0.31-a0-771-g505c3d19dc (webtiles) character file.

Game seed: 247509313589093159

521 randomguy2701 the Shield-Bearer (level 7, -4/60 HPs)
             Began as a Gnoll Fighter on Sept 16, 2023.
             Killed by divine providence
             ... invoked by an orc priest
              (15 damage)
             ... on level 5 of the Dungeon.
             The game lasted 00:03:26 (4354 turns).

randomguy2701 the Shield-Bearer (Gnoll Fighter)     Turns: 4354, Time: 00:03:28

Health: -4/60      AC:  7    Str: 15    XL:     7   Next: 21%
Magic:  10/10      EV: 10    Int:  8    God:
Gold:   200        SH:  6    Dex: 19    Spells: 10/10 levels left

rFire   . . .        a - +0 war axe
rCold   . . .        c - +0 buckler
rNeg    . . .        b - +0 scale mail
rPois   .            (no helmet)
rElec   .            (no cloak)
rCorr   .            (no gloves)
SInv    .            (no boots)
Will    .....        (no amulet)
Stlth   +            q - +6 ring of dexterity
HPRegen 0.30/turn    (no ring)
MPRegen 0.12/turn

%: no passive effects
@: no status effects
A: fangs 1, strong nose, distributed training
a: no special abilities


You were on level 5 of the Dungeon.
You visited 1 branch of the dungeon, and saw 5 of its levels.

You collected 200 gold pieces.

Inventory:

Hand Weapons
 a - a +0 war axe (weapon)
Missiles
 r - a throwing net
Armour
 b - a +0 scale mail (worn)
 c - a +0 buckler (worn)
Jewellery
 q - a +6 ring of dexterity (left hand)
Scrolls
 e - 5 scrolls of identify {unknown}
 h - a scroll of noise {unknown}
 j - 7 scrolls of fog {unknown}
 k - 2 scrolls of teleportation {unknown}
 l - a scroll of poison {unknown}
 n - a scroll of amnesia {unknown}
 p - a scroll of vulnerability {unknown}
 t - a scroll of torment {unknown}
 u - a scroll of enchant armour {unknown}
Potions
 d - a potion of might
 f - a potion of brilliance {unknown}
 g - a potion of attraction {unknown}
 i - a potion of cancellation {unknown}
 m - a potion of curing
 o - 2 potions of haste {unknown}
 s - a potion of lignification {unknown}
 v - 2 potions of heal wounds {unknown}


   Skills:
 + Level 7.0 Fighting
 + Level 2.4 Short Blades
 + Level 2.4 Long Blades
 + Level 5.2 Axes
 + Level 2.4 Maces & Flails
 + Level 2.4 Polearms
 + Level 2.4 Staves
 + Level 2.4 Ranged Weapons
 + Level 2.4 Throwing
 + Level 7.0 Armour
 + Level 2.4 Dodging
 + Level 2.4 Stealth
 + Level 7.0 Shields
 + Level 2.4 Unarmed Combat
 + Level 2.4 Spellcasting
 + Level 2.0 Conjurations
 + Level 2.0 Hexes
 + Level 2.0 Summonings
 + Level 2.0 Necromancy
 + Level 2.0 Translocations
 + Level 2.0 Transmutations
 + Level 2.0 Fire Magic
 + Level 2.0 Ice Magic
 + Level 2.0 Air Magic
 + Level 2.0 Earth Magic
 + Level 2.0 Poison Magic
 + Level 2.6 Invocations
 + Level 2.4 Evocations
 + Level 2.2 Shapeshifting


You had 10 spell levels left.
You didn't know any spells.
Your spell library contained the following spells:

 Spells                   Type           Power      Damage    Failure   Level
 Cigotuvi's Dreadful Rot  Necr/Pois/Air  8%         N/A       67%         2
 Ensorcelled Hibernation  Hex/Ice        8%         N/A       67%         2
 Passwall                 Tmut/Erth      3%         N/A       67%         2
 Dazzling Flash           Conj/Hex       8%         N/A       88%         3
 Ignite Poison            Fire/Tmut/Pois 4%         N/A       88%         3
 Inner Flame              Hex/Fire       4%         N/A       88%         3
 Ozocubu's Armour         Ice            4%         N/A       88%         3
 Swiftness                Air            4%         N/A       88%         3
 Volatile Blastmotes      Fire/Tloc      8%         2d10      88%         3
 Dispel Undead            Necr           4%         3d7       99%         4
 Freezing Cloud           Conj/Ice/Air   2%         6-21      100%        5
 Yara's Violent Unravell  Hex/Tmut       2%         3d3       100%        5
 Death Channel            Necr           2%         N/A       100%        6
 Starburst                Conj/Fire      2%         6d3       100%        6
 Enfeeble                 Hex            2%         N/A       100%        7
 Ozocubu's Refrigeration  Ice            2%         4d7       100%        7
 Maxwell's Capacitive Co  Air            2%         ∞         100%        8


Dungeon Overview and Level Annotations

Branches:
Dungeon (5/15)
 Temple: D:4-7

Altars:

Shops:
D:1 :

Annotations:
D:3 3 runed translucent doors, Pokonic1's ghost, amateur HuBe


Innate Abilities, Weirdness & Mutations

You have very sharp teeth.
Your uncanny sense of smell can sniff out nearby items.
Your experience applies equally to all skills.


Message History

You block the black bear's attack.
The black bear claws you but does no damage.
The black bear closely misses you.
The orc priest calls down the wrath of Beogh upon you.
Beogh smites you!
* * * LOW HITPOINT WARNING * * *
The orc priest mumbles some strange prayers to Beogh against you.
Pain shoots through your body!
* * * LOW HITPOINT WARNING * * *
Something hits you but does no damage.
Unknown command.
You closely miss the orc priest.
The orc priest is heavily wounded.
You miss something. You hit the orc priest.
You hit the black bear but do no damage.
You feel sick.
The black bear bites you but does no damage.
The black bear claws you.
* * * LOW HITPOINT WARNING * * *
You block the black bear's attack.
The orc priest hits you with a +0 dagger.
* * * LOW HITPOINT WARNING * * *
You block something's attack.
The orc priest hits you with a +1 war axe of venom.
* * * LOW HITPOINT WARNING * * *
You are more poisoned.
Unknown command.
It was a potion of curing.
You feel better. The black bear bites you.
* * * LOW HITPOINT WARNING * * *
The black bear claws you but does no damage. x2
You block something's attack.
The orc priest looks braver for a moment.
The orc priest barely misses you.
You feel better.
The orc priest hits you but does no damage.
The black bear bites you but does no damage.
You block the black bear's attack. x2
The orc priest invokes the aid of Beogh against you.
Beogh smites you!
You die...

..........
#........
#.......
#.[....
#....##
#....#
#†).# #..
#ho## #...
#o@.##....
#...#.....
#...#.....
##...#
#...#
#...##
#....#
##...#
#...##


You could see a black bear and 2 orc priests.

Vanquished Creatures
  A black bear (D:4)
  A phantom (D:4)
  A scorpion (D:5)
  2 orc priests (D:4)
  Jessica (D:2)
  An iguana (D:4)
  3 adders
  4 gnolls
  3 worms
  A dart slug (D:1)
  12 orcs
  8 endoplasms
  A giant cockroach (D:1)
  8 goblins
  7 hobgoblins
  10 jackals
  8 kobolds
  5 quokkas
  10 ball pythons
  4 bats
  6 frilled lizards
  4 rats
101 creatures vanquished.

Notes
Turn   | Place    | Note
-------+----------+-------------------------------------------
     0 | D:1      | randomguy2701 the Gnoll Fighter began the quest for the
                  | Orb.
     0 | D:1      | Reached XP level 1. HP: 23/23 MP: 1/1
    43 | D:1      | Reached XP level 2. HP: 9/29 MP: 2/2
   214 | D:1      | Reached XP level 3. HP: 35/35 MP: 3/3
   387 | D:1      | Reached skill level 1 in Invocations
   528 | D:1      | Found Zipaetz's Book Shoppe.
   861 | D:2      | Reached skill level 1 in Short Blades
   861 | D:2      | Reached skill level 1 in Long Blades
   861 | D:2      | Reached skill level 1 in Maces & Flails
   861 | D:2      | Reached skill level 1 in Polearms
   861 | D:2      | Reached skill level 1 in Staves
   861 | D:2      | Reached skill level 1 in Ranged Weapons
   861 | D:2      | Reached skill level 1 in Throwing
   861 | D:2      | Reached skill level 1 in Dodging
   861 | D:2      | Reached skill level 1 in Stealth
   861 | D:2      | Reached skill level 1 in Unarmed Combat
   861 | D:2      | Reached skill level 1 in Spellcasting
   861 | D:2      | Reached skill level 1 in Evocations
  1019 | D:2      | Reached skill level 1 in Shapeshifting
  1019 | D:2      | Reached XP level 4. HP: 41/41 MP: 5/5
  1214 | D:2      | Noticed Jessica
  1219 | D:2      | Killed Jessica
  1220 | D:2      | Reached skill level 1 in Conjurations
  1220 | D:2      | Reached skill level 1 in Hexes
  1220 | D:2      | Reached skill level 1 in Summonings
  1220 | D:2      | Reached skill level 1 in Necromancy
  1220 | D:2      | Reached skill level 1 in Translocations
  1220 | D:2      | Reached skill level 1 in Transmutations
  1220 | D:2      | Reached skill level 1 in Fire Magic
  1220 | D:2      | Reached skill level 1 in Ice Magic
  1220 | D:2      | Reached skill level 1 in Air Magic
  1220 | D:2      | Reached skill level 1 in Earth Magic
  1220 | D:2      | Reached skill level 1 in Poison Magic
  2132 | D:3      | Found a runed translucent gate.
  2132 | D:3      | Found a runed translucent gate.
  2132 | D:3      | Found a runed translucent gate.
  2137 | D:3      | Noticed Pokonic1's ghost (amateur HuBe)
  2200 | D:3      | Reached XP level 5. HP: 47/47 MP: 5/7
  3289 | D:4      | Reached XP level 6. HP: 41/53 MP: 8/8
  3669 | D:4      | Noticed a black bear
  3680 | D:4      | Killed a black bear
  3681 | D:4      | Reached skill level 5 in Axes
  3924 | D:4      | Reached XP level 7. HP: 45/59 MP: 10/10
  4311 | D:5      | Entered Level 5 of the Dungeon
  4351 | D:5      | HP: 1/60 [orc priest/+1 war axe of venom (4)]
  4354 | D:5      | Killed from afar by an orc priest

Illustrated notes

Levels and vault maps discovered:
D:1:      reono_arrival_mine, layout_loops_ring, serial_shops, shop
D:2:      minmay_inner_zag, layout_basic, dreamdust_princess_bridge,
          minivault_27, uniq_jessica
D:3:      layout_loops_corners, ebering_ghost_rock_garden
D:4:      layout_loops_corners
D:5:      layout_cave_pods, moated_statue, uniq_grinder, uniq_eustachio

Skill      XL: |  1  2  3  4  5  6  7 |
---------------+----------------------+-----
Invocations    | 1 2 |  2.6
Short Blades   | 1 2 |  2.4
Long Blades    | 1 2 |  2.4
Maces & Flails | 1 2 |  2.4
Polearms       | 1 2 |  2.4
Staves         | 1 2 |  2.4
Ranged Weapons | 1 2 |  2.4
Throwing       | 1 2 |  2.4
Dodging        | 1 2 |  2.4
Stealth        | 1 2 |  2.4
Unarmed Combat | 1 2 |  2.4
Spellcasting   | 1 2 |  2.4
Evocations     | 1 2 |  2.4
Shapeshifting  | 1 2 |  2.2
Conjurations   | 1 2 |  2.0
Hexes          | 1 2 |  2.0
Summonings     | 1 2 |  2.0
Necromancy     | 1 2 |  2.0
Translocations | 1 2 |  2.0
Transmutations | 1 2 |  2.0
Fire Magic     | 1 2 |  2.0
Ice Magic      | 1 2 |  2.0
Air Magic      | 1 2 |  2.0
Earth Magic    | 1 2 |  2.0
Poison Magic   | 1 2 |  2.0
Axes           | 5 |  5.2
Fighting       | 7 |  7.0
Armour         | 7 |  7.0
Shields        | 7 |  7.0

Action                     |  1- 3 |  4- 6 |  7- 9 || total
---------------------------+-------+-------+-------++-------
  Melee: War axe           |   116 |   180 |    10 ||   306
         Bite              |    14 |    18 |     1 ||    33
    Use: Potion            |       |       |     2 ||     2
 Armour: Scale mail        |    68 |   129 |    25 ||   222
  Dodge: Dodged            |    47 |    77 |    10 ||   134
  Block: Buckler           |    33 |    51 |     9 ||    93

Table legend: (Time is in decaauts)
 A = Elapsed time spent in this place.
 B = Non-inter-level travel time spent in this place.
 C = Inter-level travel time spent in this place.
 D = Time resting spent in this place.
 E = Time spent auto-exploring this place.
 F = Levels seen in this place.
 G = Mean time per level.
                   A        B        C        D        E       F      G
               +--------+--------+--------+--------+--------+-----+--------+
         Total |   4447 |   4314 |    133 |      0 |   3593 |   5 |  889.4 |
       Dungeon |   4447 |   4314 |    133 |      0 |   3593 |   5 |  889.4 |
               +--------+--------+--------+--------+--------+-----+--------+

Top non-repeatable levels by time:
     D:4: 1216 daAuts
     D:3: 1190 daAuts
     D:2: 1116 daAuts
     D:1: 880 daAuts
     D:5: 45 daAuts
